 Dungeon Crawl Stone Soup version 0.30-a0-845-g7c6808c8ce (webtiles) character file.

Game seed: 1517753950694746899

30732 jasper the Thaumaturge (level 13, -9/99 HPs)
             Began as a Djinni Fire Elementalist on Mar 2, 2023.
             Was a High Priest of Makhleb.
             Killed from afar by a rime drake (25 damage)
             ... with an icy flash freeze
             ... on level 4 of the Lair of Beasts.
             The game lasted 00:25:52 (12869 turns).

jasper the Thaumaturge (Djinni Fire Elementalist)  Turns: 12869, Time: 00:25:52

Health: -9/99      AC: 17    Str:  7    XL:     13   Next: 91%
Gold:   779        EV: 18    Int: 27    God:    Makhleb [*****.] SH: 13 Dex: 15

rFire   + + .      SeeInvis .    m - +3 war axe (heavy)
rCold   x . .      Faith    .    f - +3 buckler {AC+3}
rNeg    . . .      Spirit   .    L - +3 steam dragon scales
rPois   ∞          Reflect  +    (no helmet)
rElec   .          Rampage  .    (no cloak)
rCorr   .                        q - +1 pair of gloves
Will    +....                    (boots unavailable)
Stlth   ++                       U - amulet of reflection
HPRegen 0.36/turn                P - +4 ring of protection
MPRegen 0.00/turn                p - +6 ring of intelligence

@: flying, very slightly contaminated, slowed, very slow
A: sickness immunity, fire resistance 2, cold vulnerability 1, float, innate
caster, HP casting, extra vitality 1
a: Renounce Religion, Minor Destruction, Lesser Servant of Makhleb, Major
Destruction, Greater Servant of Makhleb


You were on level 4 of the Lair of Beasts.
You worshipped Makhleb.
Makhleb was extremely pleased with you.
You visited 3 branches of the dungeon, and saw 17 of its levels.
You also visited: Sewer.

You collected 1119 gold pieces.
You spent 340 gold pieces at shops.

Inventory:

Hand Weapons
 m - a +3 heavy war axe (weapon)
Missiles
 z - 5 javelins
 Q - 5 curare-tipped darts
 R - 2 throwing nets
Armour
 a - a +0 robe
 f - a +3 buckler of protection (worn)
 h - a +0 buckler
 q - a +1 pair of gloves (worn)
 L - +3 steam dragon scales (worn)
Magical Staves
 v - a staff of air
 X - a staff of fire
Jewellery
 d - a ring of willpower
 p - a +6 ring of intelligence (right hand)
 s - a ring of protection from cold
 t - a +6 ring of dexterity
 w - a +6 ring of strength
 F - an amulet of the acrobat
 J - a +6 ring of strength
 O - a ring of resist corrosion
 P - a +4 ring of protection (left hand)
 S - an amulet of faith
 U - an amulet of reflection (around neck)
Wands
 u - a wand of polymorph (18)
 y - a wand of mindburst (12)
 C - a wand of flame (14)
 I - a wand of paralysis (20)
Scrolls
 c - 4 scrolls of magic mapping
 i - a scroll of identify
 k - 4 scrolls of teleportation
 n - 3 scrolls of immolation
 r - a scroll of poison
 E - 2 scrolls of blinking
 H - 2 scrolls of fear
 M - 2 scrolls of enchant weapon
 T - a scroll of vulnerability
Potions
 b - a potion of berserk rage
 e - 4 potions of lignification
 g - 4 potions of heal wounds
 j - 14 potions of curing
 l - 6 potions of haste
 o - 4 potions of might
 x - a potion of brilliance
 A - 3 potions of invisibility
 B - 3 potions of ambrosia {unknown}
 D - 4 potions of flight {unknown}
 G - a potion of experience {unknown}
 K - 3 potions of attraction {unknown}
 N - 2 potions of mutation {unknown}
 V - a potion of cancellation {unknown}
Miscellaneous
 W - a phantom mirror


   Skills:
 + Level 11.3 Fighting
 + Level 12.5 Dodging
 - Level 1.5 Stealth
 - Level 4.1 Shields
 * Level 12.5 Spellcasting


You knew the following spells:

 Your Spells              Type           Power      Damage    Failure   Level
a - Foxfire               Conj/Fire      100%       2x1d9     1%          1
b - Scorch                Fire           100%       2d10      1%          2
c - Kindle Blastsparks    Fire/Tloc/Air  100%       2d18      1%          3
d - Inner Flame           Hex/Fire       71%        N/A       1%          3
e - Flame Wave            Conj/Fire      71%        2d16      1%          4
f - Slow                  Hex            100%       N/A       1%          1
g - Poisonous Vapours     Pois/Air       100%       N/A       1%          2
h - Ignite Poison         Fire/Tmut/Pois 71%        N/A       1%          3
i - Passage of Golubria   Tloc           71%        N/A       1%          4
j - Anguish               Hex/Necr       35%        N/A       1%          4
k - Irradiate             Conj/Tmut      35%        3d23      1%          5
Your spell library was empty.

Dungeon Overview and Level Annotations

Branches:
Dungeon (11/15)            Temple (1/1) D:5            Lair (5/5) D:9
 Shoals (0/4) Lair:2       Spider (0/4) Lair:2        Slime (0/5) Lair:5
    Orc (0/2) D:11          Sewer (visited)

Altars:
Ashenzari
Cheibriados
Dithmenos
Elyvilon
Fedhas
Gozag
Hepliaklqana
Makhleb
Nemelex Xobeh
Okawaru
Qazlal
Ru
Trog
Uskayaw
Wu Jian
Xom
Yredelemnul
Zin
The Shining One

Shops:
D:2 [*=(   D:5 (   D:6 !

Annotations:
D:2 1 runed translucent door, Crazy Yiuf
D:11 Amaemon
Temple 2 transporters
Lair:1 3 runed translucent doors, Jeffwins's ghost, journeyman HuWn
Lair:5 Snorg


Innate Abilities, Weirdness & Mutations

You are immune to sickness and miasma.
You are immune to poison.
Your flesh is very heat resistant. (rF++)
You are vulnerable to cold. (rC-)
You float through the air rather than walking.
You learn spells naturally, not from books.
Your magical power is your life essence.
You have superior vitality. (+4 MHP)


Message History

The elephant trunk-slaps you but does no damage.
You take 3 damage, and have 33/99 hp.
A wave of flame ripples out!
The flame wave engulfs the queen bee!
The queen bee is almost dead.
The flame wave engulfs the elephant!
The elephant is heavily wounded.
A rime drake comes into view.
The queen bee stings you!
* * * LOW HITPOINT WARNING * * *
The queen bee is wracked by anguish!
The queen bee dies!
Makhleb accepts your kill. The rime drake breathes ice at you.
The icy flash freeze hits you but does no damage.
You are encased in ice.
You block the elephant's attack. x2
You take 10 damage, and have 23/99 hp.
A wave of flame ripples out!
The flame wave engulfs the elephant!!
The elephant is severely wounded.
* * * LOW HITPOINT WARNING * * *
You finish channelling waves of flame.
You block the elephant's attack. The elephant misses you.
The elephant attacks as you move away! The elephant closely misses you. x2
Casting: Flame Wave (safe; 1% risk of failure)
Confirm with . or Enter, or press ? or * to list all spells.
Aiming: Poisonous Vapours (safe; 1% risk of failure)
Press: ? - help, Dir - move target, f - elephant
Aim: an elephant (severely wounded, anguished) Poisonous vapours surround the elephant!
The elephant is poisoned.
* * * LOW HITPOINT WARNING * * *
The ice encasing you melts away.
A torpor snail comes into view.
Being near the torpor snail leaves you feeling lethargic.
The elephant tramples you.
* * * LOW HITPOINT WARNING * * *
You are shoved backwards!
The elephant is wracked by anguish.
The rime drake breathes ice at you. The icy flash freeze hits you!!
You feel a painful chill!
You die...

#≈≈≈≈##≈~≈
#w≈≈≈≈≈≈≈l
#≈≈≈≈≈≈≈≈≈
###≈≈≈≈≈≈≈≈≈
##.#≈k≈≈≈≈≈≈≈
#..§§§†..≈.P.
##...........
##...†^......
#.#@Y..##.##.
##...#....##..^.....
##..#.##.#.†........
#.#.....#..#........
##)#.#.#.#.#........
#....#..#..†.......
##..#.#..#.........
##.#....#......†...
#.#...#....)††.....


You could see an elephant (very poisoned, anguished), a torpor snail (wandering)
and a rime drake (catching breath).

Vanquished Creatures
  2 hydras (Lair:4)
  3 two-headed ogres
  4 death yaks (Lair:4)
  Sonja (D:10)
  A pharaoh ant (Lair:1)
  13 elephants
  3 black mambas
  7 cane toads
  An unseen horror (D:8)
  6 rime drakes
  3 komodo dragons
  A kobold demonologist (D:9)
  3 meliai (Lair:4)
  A tarantella (Lair:2)
  10 blink frogs
  Sigmund (D:5)
  A shadow (D:11)
  16 yaks
  3 wyverns
  A basilisk (Lair:2)
  2 redbacks (Lair:2)
  3 steam dragons
  9 water moccasins
  An acid dragon (D:8)
  3 orc warriors
  3 ice beasts
  2 black bears
  A sky beast (D:7)
  13 centaurs
  4 wolves
  11 bullfrogs
  2 gnoll sergeants (D:7)
  4 scorpions
  4 wights (D:8)
  37 killer bees
  2 howler monkeys
  3 hounds
  5 orc priests
  6 jellies
  3 iguanas
  A sleepcap (D:6)
  8 orc wizards
  A hound skeleton (D:3)
  6 gnolls (D:7)
  11 adders
  A river rat (Lair:4)
  A shadow imp (D:6)
  3 white imps
  2 adder zombies (D:3)
  3 dart slugs
  29 orcs
  9 bats
  20 endoplasms
  17 giant cockroaches
  12 goblins
  12 hobgoblins
  4 jackals (D:3)
  6 kobolds
  5 quokkas
  17 ball pythons
  A ball python skeleton (D:3)
  A ball python zombie (D:3)
  13 frilled lizards
  10 rats
  A bush (Lair:5)
393 creatures vanquished.

Vanquished Creatures (collateral kills)
  2 foxfires
2 creatures vanquished.

Vanquished Creatures (others)
  A queen bee (Lair:4)
  A yak (D:10)
  A steam dragon (Lair:2)
  733 foxfires
  13 fungi
  13 plants
  3 withered plants (D:3)
765 creatures vanquished.

Grand Total: 1160 creatures vanquished

Notes
Turn   | Place    | Note
-------+----------+-------------------------------------------
     0 | D:1      | jasper the Djinni Fire Elementalist began the quest for the
                  | Orb.
     0 | D:1      | jasper set off with the following spells memorised:
                  | Foxfire, Scorch, Kindle Blastsparks, Inner Flame, Flame
                  | Wave.
     0 | D:1      | Reached XP level 1. HP: 15/15 MP: 0/0
    82 | D:1      | Reached XP level 2. HP: 20/22 MP: 0/0
   367 | D:1      | Reached XP level 3. HP: 24/26 MP: 0/0
   367 | D:1      | Learned a level 1 spell: Slow
   371 | D:1      | Reached skill level 1 in Fighting
   839 | D:2      | Found Weofuexy's Jewellery Shop.
   931 | D:2      | Reached XP level 4. HP: 31/32 MP: 0/0
  1002 | D:2      | Found Naic's Armour Shoppe.
  1266 | D:2      | Found Ruykiph's Weapon Shop.
  1366 | D:2      | Reached skill level 1 in Shields
  1514 | D:2      | Found a runed translucent door.
  1515 | D:2      | Noticed Crazy Yiuf
  1580 | D:2      | Found Wyttoiv's Assorted Antiques.
  1657 | D:3      | Found a shadowy altar of Dithmenos.
  1824 | D:3      | Reached XP level 5. HP: 25/37 MP: 0/0
  1824 | D:3      | Learned a level 2 spell: Poisonous Vapours
  2266 | D:3      | Found an ornate altar of the Wu Jian Council.
  2747 | D:4      | Reached XP level 6. HP: 35/42 MP: 0/0
  2941 | D:5      | Entered Level 5 of the Dungeon
  2941 | D:5      | Noticed Sigmund
  2945 | D:5      | Killed Sigmund
  2946 | D:5      | Reached XP level 7. HP: 45/49 MP: 0/0
  2946 | D:5      | Learned a level 3 spell: Ignite Poison
  3106 | D:5      | Found a staircase to the Ecumenical Temple.
  3123 | Temple   | Entered the Ecumenical Temple
  3123 | Temple   | Found a transporter.
  3123 | Temple   | Found a transporter.
  3125 | Temple   | Found a transporter.
  3125 | Temple   | Found a transporter.
  3150 | Temple   | Became a worshipper of Makhleb the Destroyer
  3374 | D:5      | Found a sparkling altar of Nemelex Xobeh.
  3451 | D:5      | Reached XP level 8. HP: 54/56 MP: 0/0
  3488 | D:5      | Noticed a torpor snail
  3493 | D:5      | Found a snail-covered altar of Cheibriados.
  3493 | D:5      | Noticed a torpor snail
  3495 | D:5      | Noticed a torpor snail
  3562 | D:5      | Found a glowing drain.
  3569 | Sewer    | Entered a sewer
  3659 | Sewer    | Reached * piety under Makhleb
  4318 | D:5      | Reached ** piety under Makhleb
  4319 | D:5      | Reached skill level 5 in Spellcasting
  4358 | D:5      | Found Kicadethe's Antique Weapon Emporium.
  4563 | D:2      | Bought a +2 buckler of protection for 301 gold pieces
  4955 | D:6      | Reached skill level 5 in Dodging
  5087 | D:6      | Found Fuisupn's Distillery.
  5095 | D:6      | Bought a potion of curing for 39 gold pieces
  5347 | D:6      | Reached XP level 9. HP: 59/63 MP: 0/0
  5347 | D:6      | Learned a level 4 spell: Passage of Golubria
  5843 | D:7      | Found a hide-covered altar of Uskayaw.
  6078 | D:7      | Reached skill level 5 in Fighting
  6357 | D:7      | Found a white marble altar of Elyvilon.
  7293 | D:8      | Reached XP level 10. HP: 71/72 MP: 0/0
  7353 | D:8      | Reached *** piety under Makhleb
  7571 | D:8      | Killed an unseen horror
  8024 | D:9      | Noticed a two-headed ogre
  8029 | D:9      | Killed a two-headed ogre
  8054 | D:9      | Noticed a kobold demonologist
  8064 | D:9      | Killed a kobold demonologist
  8507 | D:9      | Found a staircase to the Lair.
  8598 | D:9      | Found a bloodstained altar of Trog.
  8729 | D:9      | Found a glowing golden altar of the Shining One.
  8792 | D:10     | Entered Level 10 of the Dungeon
  8847 | D:10     | Reached XP level 11. HP: 72/79 MP: 0/0
  8847 | D:10     | Learned a level 4 spell: Anguish
  9304 | D:10     | Noticed Sonja
  9306 | D:10     | Killed Sonja
  9355 | D:10     | Noticed a two-headed ogre
  9359 | D:10     | Killed a two-headed ogre
  9590 | D:11     | Noticed a two-headed ogre
  9592 | D:11     | Killed a two-headed ogre
  9592 | D:11     | Reached **** piety under Makhleb
  9871 | D:11     | Found a staircase to the Orcish Mines.
 10040 | D:11     | Noticed Amaemon
 10132 | Lair:1   | Entered Level 1 of the Lair of Beasts
 10189 | Lair:1   | Noticed an elephant
 10192 | Lair:1   | Noticed an elephant
 10193 | Lair:1   | Killed an elephant
 10197 | Lair:1   | Killed an elephant
 10533 | Lair:1   | Found a runed translucent gate.
 10533 | Lair:1   | Found a runed translucent gate.
 10533 | Lair:1   | Found a runed translucent gate.
 10534 | Lair:1   | Noticed a nine-headed hydra
 10535 | Lair:1   | Noticed Jeffwins's ghost (journeyman HuWn)
 10536 | Lair:1   | Noticed a ten-headed hydra
 10549 | Lair:1   | Noticed an elephant
 10551 | Lair:1   | Noticed an elephant
 10555 | Lair:1   | Killed an elephant
 10555 | Lair:1   | Killed an elephant
 10556 | Lair:1   | Reached skill level 10 in Spellcasting
 10752 | Lair:1   | Reached XP level 12. HP: 86/88 MP: 0/0
 10880 | Lair:2   | Reached skill level 10 in Dodging
 10892 | Lair:2   | Found a hole to the Spider Nest.
 10892 | Lair:2   | Noticed a pharaoh ant
 10902 | Lair:1   | Killed a pharaoh ant
 11288 | Lair:2   | Found a hazy altar of Hepliaklqana.
 11638 | Lair:2   | Found a staircase to the Shoals.
 12178 | Lair:3   | Reached skill level 10 in Fighting
 12281 | Lair:3   | You are sucked into a shaft and drop 2 floors!
 12281 | Lair:5   | Entered Level 5 of the Lair of Beasts
 12289 | Lair:5   | Reached XP level 13. HP: 92/96 MP: 0/0
 12289 | Lair:5   | Learned a level 5 spell: Irradiate
 12313 | Lair:5   | Reached ***** piety under Makhleb
 12501 | Lair:5   | Noticed Snorg
 12852 | Lair:4   | Noticed a seven-headed hydra
 12852 | Lair:4   | Noticed an eight-headed hydra
 12859 | Lair:4   | Killed a seven-headed hydra
 12863 | Lair:4   | Killed an eight-headed hydra
 12869 | Lair:4   | Killed from afar by a rime drake

Illustrated notes

Levels and vault maps discovered:
D:1:      lightli_arrival_noodles, layout_loops_ring
D:2:      layout_loops_ring, serial_shops, shop, nicolae_shop_behind_doors,
          nicolae_shop_bloodbath_and_beyond, shop, minmay_crystal_room,
          uniq_crazy_yiuf_cottage
D:3:      layout_rooms, nzn_wu_jian_council_hall, overflow_temple_1_default,
          serial_undead, serial_undead_e, serial_undead_f, serial_undead_e,
          serial_undead_d, nrook_uturn, minmay_circle_x
D:4:      layout_basic, reono_crystal_passage, minmay_misc_feat_square
D:5:      layout_gridville, cheibriados_altar_2, nemelex_spade_bored_becter,
          minmay_temple_entry_water_ring, serial_shops,
          nicolae_shop_hallway_stairs, portal_sewer_entry_e, uniq_sigmund
D:6:      layout_gridville, serial_shops, nicolae_shop_trees,
          nicolae_hexahallways
D:7:      layout_loops_corners, vehumet_crystals, nicolae_uskayaw_dance_hall,
          elyvilon_altar_1, kennysheep_nub
D:8:      layout_rooms, serial_corexii_hall, corexii_hall_statues_l,
          corexii_hall_statues_i, corexii_hall_statues_l, corexii_hall_statues_s
D:9:      layout_roguey, nicolae_tso_swordbearing_angel,
          mainiacjoe_overflow_surrounded_room, lair_entry_dummy
D:10:     layout_roguey, uniq_sonja
D:11:     layout_basic, erik_orc_3, uniq_amaemon
Temple:   hellmonk_temple_divided_pantheon
Lair:1:   layout_chaotic_city, gammafunk_ghost_hydra_chop,
          chequers_serial_rivers_micro_b, infiniplex_staircase_pool_2
Lair:2:   layout_cellular_growth, elwin_shoals_entry_rocks,
          nicolae_spider_entry_lesser_pyramids, basic_altar
Lair:3:   layout_misc_corridors, grunt_megastairs_4
Lair:4:   regret_index_harrowing_hell_hive, layout_regular_city,
          infiniplex_staircase_pool
Lair:5:   due_jungle_book, layout_big_grid, nicolae_slime_entry_slimehenge,
          ebering_ghost_funeral_grove, lemuel_fruit_tree, uniq_snorg

Skill      XL: |  1  2  3  4  5  6  7  8  9 10 11 12 13 |
---------------+----------------------------------------+-----
Fighting       | 1 2 3 4 5 7 8 10 11 | 11.3
Spellcasting   | 3 4 5 7 8 10 11 12 | 12.5
Shields        | 1 3 4 |  4.1
Dodging        | 3 4 5 7 8 9 11 12 | 12.5
Stealth        | |  1.5

Action                     |  1- 3 |  4- 6 |  7- 9 | 10-12 | 13-15 || total
---------------------------+-------+-------+-------+-------+-------++-------
  Melee: War axe           |       |       |     1 |    23 |     2 ||    26
   Cast: Foxfire           |    55 |    53 |   198 |   125 |    11 ||   442
         Scorch            |     4 |    43 |    54 |    51 |     7 ||   159
         Kindle Blastspark |       |     2 |     3 |     1 |     2 ||     8
         Flame Wave        |       |       |     1 |    10 |    14 ||    25
         Passage of Golubr |       |       |     1 |       |     1 ||     2
         Poisonous Vapours |       |       |       |    73 |    13 ||    86
         Ignite Poison     |       |       |       |    49 |    11 ||    60
         Anguish           |       |       |       |     3 |     4 ||     7
         Irradiate         |       |       |       |       |     6 ||     6
    Use: Scroll            |       |       |    18 |     5 |     1 ||    24
         Potion            |       |       |       |       |     2 ||     2
 Armour: Robe              |     8 |     3 |     2 |    13 |       ||    26
         Steam dragon scal |       |       |       |    12 |    45 ||    57
  Dodge: Dodged            |    14 |     7 |    19 |    53 |    72 ||   165
  Block: Buckler           |       |       |     9 |    46 |    58 ||   113
         Reflection        |       |       |       |     6 |       ||     6

Table legend: (Time is in decaauts)
 A = Elapsed time spent in this place.
 B = Non-inter-level travel time spent in this place.
 C = Inter-level travel time spent in this place.
 D = Time resting spent in this place.
 E = Time spent auto-exploring this place.
 F = Levels seen in this place.
 G = Mean time per level.
                   A        B        C        D        E       F      G
               +--------+--------+--------+--------+--------+-----+--------+
         Total |  12899 |  12223 |    676 |    981 |   9206 |  18 |  716.6 |
       Dungeon |   9419 |   8868 |    551 |    107 |   7376 |  11 |  856.3 |
        Temple |     45 |     29 |     16 |      0 |      2 |   1 |   45.0 |
          Lair |   2753 |   2645 |    108 |    648 |   1541 |   5 |  550.6 |
         Sewer |    680 |    680 |      0 |    226 |    287 |   1 |  680.0 |
               +--------+--------+--------+--------+--------+-----+--------+

Top non-repeatable levels by time:
     D:7: 1347 daAuts
  Lair:1: 1054 daAuts
     D:6: 998 daAuts
     D:2: 956 daAuts
     D:5: 939 daAuts
     D:9: 825 daAuts
     D:8: 824 daAuts
     D:1: 821 daAuts
  Lair:2: 820 daAuts
     D:3: 793 daAuts
    D:10: 705 daAuts
   Sewer: 680 daAuts
     D:4: 604 daAuts
    D:11: 600 daAuts
  Lair:4: 362 daAuts
